 Dungeon Crawl Stone Soup version 0.30-a0-331-g8ab09dc110 (webtiles) character file.

Game seed: 18214497216995818205

85 gruber the Chiller (level 4, -8/30 HPs)
             Began as a Demonspawn Ice Elementalist on Oct 29, 2022.
             Mangled by Sigmund
             ... wielding a +4 scythe of venom
              (11 damage)
             ... on level 2 of the Dungeon.
             The game lasted 00:02:29 (1478 turns).

gruber the Chiller (Demonspawn Ice Elementalist)    Turns: 1478, Time: 00:02:29

Health: -8/30      AC:  4    Str: 14    XL:     4   Next: 25%
Magic:  1/7        EV: 12    Int: 18    God:
Gold:   48         SH:  0    Dex: 14    Spells: 3/7 levels left

rFire   . . .      SeeInvis .    d - +0 quarterstaff
rCold   . . .      Faith    .    (shield currently unavailable)
rNeg    . . .      Spirit   .    a - +0 robe
rPois   .          Reflect  .    l - +1 helmet
rElec   .          Harm     .    (no cloak)
rCorr   .          Rampage  .    (no gloves)
Will    .....                    (no boots)
Stlth   ++........               (no amulet)
HPRegen 0.25/turn                f - +6 ring of strength
MPRegen 0.10/turn                (no ring)

@: lethally poisoned (-8 -> -15), freezing walls
A: powered by death 1
a: no special abilities


You were on level 2 of the Dungeon.
You visited 1 branch of the dungeon, and saw 2 of its levels.

You collected 48 gold pieces.

Inventory:

Hand Weapons
 d - a +0 quarterstaff (weapon)
Armour
 a - a +0 robe (worn)
 l - a +1 helmet (worn)
Jewellery
 f - a +6 ring of strength (left hand)
Scrolls
 c - a scroll of immolation {unknown}
 e - a scroll of poison {unknown}
 i - a scroll of enchant weapon {unknown}
 j - a scroll of blinking {unknown}
Potions
 b - a potion of magic
 g - a potion of curing
 h - a potion of brilliance {unknown}
 k - a potion of flight {unknown}
 m - a potion of degeneration {unknown}


   Skills:
 - Level 1.7 Dodging
 - Level 1.7 Stealth
 - Level 2.0 Spellcasting
 + Level 5.3 Ice Magic


You had 3 spell levels left.
You knew the following spells:

 Your Spells              Type           Power      Damage    Failure   Level
a - Freeze                Ice            80%        1d9       1%          1
b - Frozen Ramparts       Ice            40%        1d7       6%          3

Your spell library contained the following spells:

 Spells                   Type           Power      Damage    Failure   Level
 Ozocubu's Armour         Ice            20%        N/A       6%          3
 Ensorcelled Hibernation  Hex/Ice        22%        N/A       10%         2
 Necrotise                Necr           4%         1d4       19%         1
 Cigotuvi's Dreadful Rot  Necr/Pois/Air  2%         N/A       26%         2
 Passwall                 Tmut/Erth      0%         N/A       26%         2
 Swiftness                Air            1%         N/A       47%         3
 Summon Ice Beast         Ice/Summ       11%        N/A       52%         4
 Borgnjor's Vile Clutch   Necr/Erth      0%         N/A       99%         5
 Death's Door             Necr           0%         N/A       100%        9


Dungeon Overview and Level Annotations

Branches:
Dungeon (2/15)

Altars:

Annotations:
D:2 Sigmund


Innate Abilities, Weirdness & Mutations

You regenerate a little health from kills.


Message History

Casting: Frozen Ramparts (dangerous; 6% risk of failure)
Confirm with . or Enter, or press ? or * to list all spells.
You cannot sustain more frozen ramparts right now.
* * * LOW HITPOINT WARNING * * *
You feel very sick.
It was a potion of curing.
You feel better.
The wall freezes something.
Something hits you!
* * * LOW HITPOINT WARNING * * *
You are lethally poisoned!
Unknown command.
Unknown command.
You feel better.
The wall freezes something.
Something hits you.
* * * LOW HITPOINT WARNING * * *
You are lethally poisoned!
Unknown command.
Unknown command.
Unknown command.
You aren't carrying any items that you can evoke.
Your frozen ramparts will break if you move.
Continue?
Okay, then.
Unknown command.
The frozen ramparts melt away.
* * * LOW HITPOINT WARNING * * *
You feel very sick.
Casting: Frozen Ramparts (dangerous; 6% risk of failure)
Confirm with . or Enter, or press ? or * to list all spells.
You can't see any susceptible monsters within range! (Use Z to cast anyway.)
There is a lethal amount of poison in your body!
Unknown command.
Unknown command.
Unknown command.
Casting: Frozen Ramparts (dangerous; 6% risk of failure)
Confirm with . or Enter, or press ? or * to list all spells.
Casting: Frozen Ramparts (dangerous; 6% risk of failure)
Press: ? - help, Dir - look around, f - activate The walls around you are covered in ice.
* * * LOW HITPOINT WARNING * * *
You feel very sick.
The wall freezes something.
Something hits you!
You die...

........# ........#
........#####
............#
#####...###.# #...#
#.#### #...# #.#..
###...# #.#.# #..†..#
#.#@# ######...###
#.#.# # ........)#
#.#{#.#
.)....##.#####.#.#.##
......##............#
........>...........#
......###........)..#
......# #...........#
...†..# #...........#


There were no monsters in sight!

Vanquished Creatures
  Robin (D:2)
  2 worms (D:2)
  2 dart slugs (D:1)
  2 ball pythons
  6 endoplasms
  A giant cockroach (D:1)
  10 goblins
  8 hobgoblins
  8 jackals (D:1)
  2 quokkas (D:1)
  6 bats
  3 frilled lizards (D:1)
  4 kobolds
  2 rats
57 creatures vanquished.

Notes
Turn   | Place    | Note
-------+----------+-------------------------------------------
     0 | D:1      | gruber the Demonspawn Ice Elementalist began the quest for
                  | the Orb.
     0 | D:1      | Reached XP level 1. HP: 13/13 MP: 3/3
   167 | D:1      | Reached skill level 4 in Ice Magic
   238 | D:1      | Gained mutation: You regenerate a little health from kills.
                  | [demonic ancestry]
   238 | D:1      | Reached XP level 2. HP: 19/19 MP: 3/5
   405 | D:1      | Found a faded altar of an unknown god.
   663 | D:1      | Reached XP level 3. HP: 24/24 MP: 6/6
  1091 | D:2      | Noticed Robin
  1107 | D:2      | Learned a level 3 spell: Frozen Ramparts
  1128 | D:2      | Killed Robin
  1129 | D:2      | Reached skill level 5 in Ice Magic
  1199 | D:2      | Reached XP level 4. HP: 29/30 MP: 4/7
  1305 | D:2      | Got the Incunabulum of Unhallowed Arts
  1458 | D:2      | Noticed Sigmund
  1478 | D:2      | Mangled by Sigmund

Illustrated notes

Levels and vault maps discovered:
D:1:      heliophobic_arrival_battle_scene, layout_rooms,
          chequers_ecumenical_altar_island, nicolae_titane
D:2:      layout_basic, minivault_24, minmay_cupped, uniq_robin, uniq_sigmund,
          uniq_jessica

Skill      XL: |  1  2  3 |
---------------+----------+-----
Ice Magic      | 4 5 |  5.3
Dodging        | |  1.7
Stealth        | |  1.7
Spellcasting   | |  2.0

Action                   |  1- 3 |  4- 6 || total
-------------------------+-------+-------++-------
Melee: Unarmed           |    23 |       ||    23
       Quarterstaff      |    41 |     5 ||    46
 Cast: Freeze            |    37 |     5 ||    42
       Frozen Ramparts   |     1 |     5 ||     6
  Use: Potion            |       |     2 ||     2
 Stab: Sleeping          |     3 |       ||     3
Armor: Robe              |    25 |     3 ||    28
Dodge: Dodged            |    74 |    12 ||    86

Table legend: (Time is in decaauts)
 A = Elapsed time spent in this place.
 B = Non-inter-level travel time spent in this place.
 C = Inter-level travel time spent in this place.
 D = Time resting spent in this place.
 E = Time spent auto-exploring this place.
 F = Levels seen in this place.
 G = Mean time per level.
                   A        B        C        D        E       F      G
               +--------+--------+--------+--------+--------+-----+--------+
         Total |   1492 |   1473 |     19 |      0 |   1092 |   2 |  746.0 |
       Dungeon |   1492 |   1473 |     19 |      0 |   1092 |   2 |  746.0 |
               +--------+--------+--------+--------+--------+-----+--------+

Top non-repeatable levels by time:
     D:1: 1064 daAuts
     D:2: 427 daAuts
